 Dungeon Crawl Stone Soup version 0.17-a0-957-ga3519be (webtiles) character file.

3649 FedoraBrony69 the Thaumaturge (level 9, -5/47 HPs)
             Began as a Deep Elf Conjurer on May 7, 2015.
             Was a Believer of Kikubaaqudgha.
             Slain by a yak (14 damage)
             ... on level 7 of the Dungeon.
             The game lasted 00:23:07 (6953 turns).

FedoraBrony69 the Thaumaturge (Deep Elf Conjurer)   Turns: 6953, Time: 00:23:07

Health: -5/47      AC:  6    Str:  5    XL:     9   Next: 88%
Magic:  1/34       EV: 17    Int: 24    God:    Kikubaaqudgha [**....]
Gold:   270        SH:  0    Dex: 15    Spells: 6 memorised, 7 levels left

rFire  . . .     SeeInvis .     F - +0 trident (venom)
rCold  . . .     Clarity  .     a - +0 robe
rNeg   . . .     SustAb   .     (no shield)
rPois  .         Gourm    .     D - +2 helmet
rElec  .         Spirit   .     (no cloak)
rCorr  .         Warding  .     K - +0 pair of gloves
rMut   .         Stasis   .     (no boots)
MR     .....                    (no amulet)
Stlth  ++........               y - ring of magical power
                                i - +3 ring of evasion

@: not resistant to hostile enchantments, unstealthy
A: no striking features
a: Receive Corpses, Renounce Religion


You were on level 7 of the Dungeon.
You worshipped Kikubaaqudgha.
Kikubaaqudgha was pleased with you.
You were hungry.

You visited 2 branches of the dungeon, and saw 8 of its levels.

You collected 270 gold pieces.

Inventory:

Hand weapons
 F - a +0 trident of venom (weapon)
Armour
 a - a +0 robe (worn)
 D - a +2 helmet (worn)
 K - a +0 pair of gloves (worn)
Jewellery
 i - a +3 ring of evasion (left hand)
 y - a ring of magical power (right hand)
 H - an uncursed ring of sustain abilities
 J - an uncursed ring of flight
Magical devices
 M - a wand of magic darts (21)
Scrolls
 f - a scroll of enchant weapon
 g - a scroll of enchant armour
 h - a scroll of noise {unknown}
 l - 3 scrolls of recharging
 m - 4 scrolls of teleportation
 o - a scroll of blinking {unknown}
 r - 2 scrolls of magic mapping
 t - 3 scrolls of remove curse
 A - a scroll of immolation
 C - a scroll of holy word {unknown}
 O - a scroll of random uselessness {unknown}
 P - a scroll of fear {unknown}
 Q - a scroll of fog {unknown}
Potions
 e - 4 potions of curing
 n - 2 potions of degeneration {unknown}
 p - 3 potions of heal wounds {unknown}
 q - 3 potions of lignification {unknown}
 s - 2 potions of brilliance
 u - a potion of might {unknown}
 v - a potion of agility {unknown}
 z - a potion of invisibility {unknown}
 B - 2 potions of poison {unknown}
 G - a potion of haste
 N - a potion of cancellation {unknown}
Books
 b - a book of Conjurations

   Spells                             Type                      Level
   a - Magic Dart                     Conjuration                  1
   b - Searing Ray                    Conjuration                  2
   c - Dazzling Spray                 Conjuration/Hexes            3
   d - Fulminant Prism                Conjuration/Hexes            4
   e - Iskenderun's Mystic Blast      Conjuration                  4
   f - Iskenderun's Battlesphere      Conjuration/Charms           5
 k - Kikubaaqudgha's Almanac of Stolen Souls
   (Kikubaaqudgha gifted it to you on level 5 of the Dungeon)

   Spells                             Type                      Level
   a - Animate Skeleton               Necromancy                   1
   b - Corpse Rot                     Necromancy                   2
   c - Sublimation of Blood           Necromancy                   2
   d - Regeneration                   Charms/Necromancy            3
   e - Control Undead                 Necromancy                   4
 w - a Grand Grimoire {highlevel}

   This book is beyond your current level of understanding.

   Spells                             Type                      Level
   a - Monstrous Menagerie            Summoning                    6
   b - Summon Greater Demon           Summoning                    7
   c - Malign Gateway                 Summoning/Translocation      7
   d - Summon Horrible Things         Summoning                    8
 L - a book of Ice

   Spells                             Type                      Level
   a - Ice Form                       Ice/Transmutation            4
   b - Metabolic Englaciation         Hexes/Ice                    5
   c - Ozocubu's Refrigeration        Ice                          6
   d - Bolt of Cold                   Conjuration/Ice              6
   e - Freezing Cloud                 Conjuration/Ice/Air          6
   f - Simulacrum                     Ice/Necromancy               6
Comestibles
 c - 7 bread rations
 d - 4 meat rations
 j - a fruit
 x - 3 royal jellies
 E - a beef jerky
 I - 2 slices of pizza
 R - a chunk of flesh


   Skills:
 + Level 1.4 Fighting
 + Level 3.6 Dodging
 - Level 2.4 Stealth
 + Level 10.1 Spellcasting
 + Level 9.7 Conjurations
 - Level 8.3 Charms
 - Level 7.0 Necromancy
 + Level 1.6 Air Magic


You had 7 spell levels left.
You knew the following spells:

 Your Spells              Type           Power        Failure   Level  Hunger
a - Magic Dart            Conj           ####         1%          1    None
b - Iskenderun's Battles  Conj/Chrm      ######..     3%          5    ####...
c - Iskenderun's Mystic   Conj           ######..     1%          4    #......
d - Freezing Cloud        Conj/Ice/Air   ####......   99%         6    ######.
m - Sublimation of Blood  Necr           #####.....   1%          2    None
n - Regeneration          Chrm/Necr      #####.....   1%          3    None


Dungeon Overview and Level Annotations

Branches:
Dungeon (7/15)             Temple (1/1) D:6

Altars:
Ashenzari
Cheibriados
Dithmenos
Elyvilon
Fedhas
Gozag
Kikubaaqudgha
Makhleb
Nemelex Xobeh
Okawaru
Qazlal
Ru
Sif Muna
Trog
Vehumet
Xom
Yredelemnul
Zin
The Shining One


Message History

Casting: Iskenderun's Mystic Blast
Confirm with . or Enter, or press ? or * to list all spells.
Aiming: Iskenderun's Mystic Blast
Press: ? - help, Shift-Dir - straight line, f/p - yak
Aim: a yak The orb of energy hits the yak.
The yak is severely wounded.
The orb of energy explodes!
The yak barely misses you.
You hit the yak.
The yak is poisoned.
The yak is severely wounded.
The yak completely misses you. The yak gores you.
You hit the yak but do no damage.
The yak looks even sicker.
The yak is severely wounded.
The yak gores you!
* * * LOW HITPOINT WARNING * * *
You hit the yak.
The yak looks even sicker.
The yak is almost dead.
The yak gores you!
You die...
Kikubaaqudgha rasps: "You have failed me!
Welcome... death!"

....##..#..... #..###...## #.
.....#..##...# #...#.....## #
.....#..##...## #.........## #
._.....##.....### ##..##......###
.....#.##..##...###..####.......#
.....#....#####.....## #..#.....
....##....# ##....# #...##..#
#.####....# ##รท.Y..### ##.....##
.......##.####..@.#...###.....##
#..#..###..##)..####..........#
#..#.## #...)..## ##.#####....##
##...# #.....## #..# #....)#
##.## #....## #..# #..#..## #..
##...## #.## #..##..#
...####.....#####.# #..###..
...................## #..# ##.
##.#####......#...#.# #.## ##


You could see a yak.

Vanquished Creatures
  Pikel (D:6)
  The ghost of FedoraBrony69 the Magician, an experienced DECj (D:6)
  Eustachio (D:5)
  4 yaks (D:7)
  2 steam dragons (D:5)
  Edmund (D:4)
  A slave (D:6)
  2 ogres
  A black bear (D:6)
  3 giant frogs
  Blork the orc (D:5)
  2 scorpions
  An electric eel (D:7)
  4 wights (D:6)
  3 crimson imps
  3 hounds
  A jelly (D:5)
  2 giant frog zombies
  2 orc priests
  A centaur zombie (D:4)
  A quasit (D:6)
  7 orc wizards
  A centaur skeleton (D:4)
  2 iguanas
  4 worker ants
  2 worker ant zombies
  5 gnolls
  6 adders
  4 adder skeletons
  3 adder zombies (D:4)
  3 worms
  4 giant geckos
  21 orcs
  2 bat zombies (D:4)
  7 giant cockroaches
  9 hobgoblins
  6 jackals
  A quokka (D:5)
  A ball python (D:4)
  14 bats
  A giant cockroach zombie (D:4)
  A giant gecko skeleton (D:4)
  A giant gecko zombie (D:4)
  5 giant newts
  A giant spore (D:7)
  12 goblins
  A jackal skeleton (D:4)
  11 kobolds
  2 quokka skeletons
  4 rats
179 creatures vanquished.

Notes
Turn   | Place    | Note
--------------------------------------------------------------
     0 | D:1      | FedoraBrony69, the Deep Elf Conjurer, began the quest for the Orb.
     0 | D:1      | Reached XP level 1. HP: 10/10 MP: 6/6
   129 | D:1      | Reached XP level 2. HP: 15/15 MP: 1/8
   680 | D:2      | Reached skill level 5 in Conjurations
   680 | D:2      | Reached XP level 3. HP: 10/19 MP: 0/10
  1185 | D:2      | Reached XP level 4. HP: 24/24 MP: 5/12
  1812 | D:3      | Reached skill level 5 in Spellcasting
  1890 | D:3      | Found an ancient bone altar of Kikubaaqudgha.
  1892 | D:3      | Found a glowing golden altar of the Shining One.
  1893 | D:3      | Found a deep blue altar of Sif Muna.
  2210 | D:4      | Reached XP level 5. HP: 12/28 MP: 4/14
  2436 | D:4      | Reached skill level 6 in Conjurations
  2476 | D:3      | Learned a level 5 spell: Iskenderun's Battlesphere
  2481 | D:3      | Learned a level 4 spell: Iskenderun's Mystic Blast
  2884 | D:4      | Reached XP level 6. HP: 27/32 MP: 2/17
  3150 | D:4      | Reached skill level 1 in Charms
  3173 | D:3      | Became a worshipper of Kikubaaqudgha
  3516 | D:4      | Noticed Edmund
  3529 | D:4      | Killed Edmund
  3529 | D:4      | Reached skill level 7 in Conjurations
  3699 | D:4      | Reached XP level 7. HP: 31/36 MP: 19/19
  4007 | D:4      | Reached skill level 5 in Charms
  4150 | D:5      | Entered Level 5 of the Dungeon
  4268 | D:5      | Found a shattered altar of Ashenzari.
  4412 | D:5      | Noticed Blork the orc
  4423 | D:5      | Killed Blork the orc
  4423 | D:5      | Acquired Kikubaaqudgha's first power
  4423 | D:5      | Received a gift from Kikubaaqudgha
  4426 | D:5      | Identified Kikubaaqudgha's Almanac of Stolen Souls (Kikubaaqudgha gifted it to you on level 5 of the Dungeon)
  4430 | D:5      | Learned a level 2 spell: Sublimation of Blood
  4434 | D:5      | Learned a level 3 spell: Regeneration
  4621 | D:5      | Noticed Eustachio
  4632 | D:5      | Killed Eustachio
  4632 | D:5      | Reached XP level 8. HP: 39/41 MP: 11/21
  4806 | D:5      | Learned a level 6 spell: Freezing Cloud
  4869 | D:5      | Reached skill level 8 in Spellcasting
  5001 | D:6      | Reached skill level 1 in Necromancy
  5242 | D:6      | Noticed FedoraBrony69's ghost (experienced DECj)
  5248 | D:6      | Killed FedoraBrony69's ghost
  5317 | D:6      | Found a staircase to the Ecumenical Temple.
  5390 | Temple   | Entered the Ecumenical Temple
  5595 | D:6      | Found a stormy altar of Qazlal.
  5601 | D:6      | Acquired Kikubaaqudgha's second power
  5714 | D:6      | Reached XP level 9. HP: 45/45 MP: 23/23
  5716 | D:6      | Noticed Pikel
  5724 | D:6      | Reached skill level 9 in Spellcasting
  5763 | D:5      | Reached skill level 5 in Necromancy
  5972 | D:6      | Killed Pikel
  6749 | D:7      | Found a sparkling altar of Nemelex Xobeh.
  6774 | D:7      | Found an iron altar of Okawaru.
  6912 | D:7      | Reached skill level 1 in Fighting
  6912 | D:7      | Reached skill level 10 in Spellcasting
  6912 | D:7      | Reached skill level 1 in Air Magic
  6953 | D:7      | Slain by a yak

Action                   |  1- 3 |  4- 6 |  7- 9 || total
-------------------------+-------+-------+-------++-------
Melee: Spear             |     1 |       |       ||     1
       Dagger            |       |     6 |     3 ||     9
       Whip              |       |     2 |       ||     2
       Trident           |       |       |     5 ||     5
 Cast: Magic Dart        |    57 |   136 |   190 ||   383
       Iskenderun's Myst |       |    11 |    46 ||    57
       Iskenderun's Batt |       |       |    12 ||    12
  Use: Scroll            |       |     3 |     9 ||    12
  Eat: Chunk             |     1 |     7 |    14 ||    22
       Pizza             |       |     1 |       ||     1
